 Dungeon Crawl Stone Soup version 0.29.0-10-g45618ea6d2 (webtiles) character file.

Game seed: 7262787875943718143

4319 Arcadio the Covert (level 10, -4/75 HPs)
             Began as a Naga Ice Elementalist on Sept 1, 2022.
             Was a Follower of Cheibriados.
             Slain by a warg (9 damage)
             ... on level 2 of the Orcish Mines.
             The game lasted 00:32:19 (10278 turns).

Arcadio the Covert (Naga Ice Elementalist)         Turns: 10278, Time: 00:32:20

Health: -4/75      AC: 26    Str: 15    XL:     10   Next: 33%
Magic:  21/21      EV:  8    Int: 29    God:    Cheibriados [*.....]
Gold:   423        SH:  0    Dex: 14    Spells: 11/24 levels left

rFire   . . .      SeeInvis +   k - +2 dagger (venom)
rCold   + + .      Faith    .   (no shield)
rNeg    + . .      Spirit   .   d - +2 leather armour {rC+}
rPois   +          Reflect  .   o - +1 helmet {SInv}
rElec   .          Harm     .   f - +0 cloak
rCorr   .          Rampage  .   (no gloves)
Will    +....                   x - +4 barding of Werphec {Str+2 Int+5}
Stlth   ++++++....              Z - amulet of magic regeneration
HPRegen 0.22/turn               g - ring of ice
MPRegen 0.57/turn               n - ring "Uttar" {*Slow rF+ rN+ Int+3 Stlth+}

@: ice-armoured, on berserk cooldown, slowed, very slow
A: AC +3, large, see invisible, deformed body, poison resistance, slowness 2,
spit poison 1, naga tail 1, passive freeze
a: Spit Poison, Renounce Religion, Bend Time


You were on level 2 of the Orcish Mines.
You worshipped Cheibriados.
Cheibriados was aware of your devotion.
You visited 3 branches of the dungeon, and saw 12 of its levels.

You collected 798 gold pieces.
You spent 375 gold pieces at shops.

Inventory:

Hand Weapons
 k - a +2 dagger of venom (weapon)
 F - a +4 spear
 L - a +1 whip of flaming
 U - a +4 war axe of venom
 W - a +3 dagger
Armour
 d - a +2 leather armour of cold resistance (worn)
 f - a +0 cloak (worn)
 o - a +1 helmet of see invisible (worn)
 x - the +4 barding of Werphec (worn) {Str+2 Int+5}
   (You acquired it on level 3 of the Dungeon)

   Str:       It affects your strength (+2).
   Int:       It affects your intelligence (+5).
 Q - a +0 buckler
 V - +0 acid dragon scales
Jewellery
 g - a ring of ice (left hand)
 n - the ring "Uttar" (right hand) {*Slow rF+ rN+ Int+3 Stlth+}
   (You acquired it on level 3 of the Dungeon)

   [ring of protection from fire]

   Int:       It affects your intelligence (+3).
   rF:        It protects you from fire.
   rN:        It protects you from negative energy.
   *Slow:     It may slow you when you take damage.
   Stlth:     It makes you more stealthy.
 q - a +4 ring of evasion
 v - a ring of willpower
 y - a ring of protection from cold
 P - a ring of protection from cold
 Z - an amulet of magic regeneration (around neck)
Wands
 O - a wand of quicksilver (13)
 T - a wand of polymorph (8)
Scrolls
 a - a scroll of enchant armour {unknown}
 c - 2 scrolls of poison {unknown}
 e - a scroll of fear {unknown}
 i - a scroll of vulnerability {unknown}
 j - a scroll of acquirement
 p - a scroll of enchant weapon {unknown}
 r - 3 scrolls of teleportation {unknown}
 t - 3 scrolls of noise {unknown}
 u - 2 scrolls of blinking {unknown}
 A - a scroll of amnesia
 B - 2 scrolls of magic mapping {unknown}
 C - a scroll of silence {unknown}
 G - 2 scrolls of torment {unknown}
 I - a scroll of immolation {unknown}
 K - a scroll of fog {unknown}
 Y - a scroll of summoning {unknown}
Potions
 b - a potion of magic
 h - a potion of invisibility
 m - 3 potions of curing
 s - 2 potions of might
 w - 2 potions of cancellation
 E - a potion of heal wounds
 H - a potion of berserk rage
 J - 2 potions of flight {unknown}
 M - 2 potions of attraction
 R - a potion of resistance
 S - 2 potions of lignification
 X - a potion of mutation {unknown}


   Skills:
 + Level 3.4 Dodging
 + Level 12.6 Stealth
 + Level 7.5 Spellcasting
 + Level 3.4 Conjurations
 + Level 8.9 Ice Magic


You had 11 spell levels left.
You knew the following spells:

 Your Spells              Type           Power      Damage    Failure   Level
a - Freeze                Ice            100%       1d11      1%          1
b - Frozen Ramparts       Ice            100%       1d16      1%          3
c - Ozocubu's Armour      Ice            76%        N/A       1%          3
d - Hailstorm             Conj/Ice       63%        3d13      4%          4
e - Blink                 Tloc           20%        N/A       9%          2

Your spell library contained the following spells:

 Spells                   Type           Power      Damage    Failure   Level
 Magic Dart               Conj           100%       1d8       1%          1
 Sting                    Tmut/Pois      40%        1d5       6%          1
 Summon Small Mammal      Summ           40%        N/A       6%          1
 Call Imp                 Summ           10%        N/A       9%          2
 Poisonous Vapours        Pois/Air       20%        N/A       9%          2
 Dazzling Flash           Conj/Hex       42%        N/A       9%          3
 Mephitic Cloud           Conj/Pois/Air  17%        N/A       11%         3
 Call Canine Familiar     Summ           10%        N/A       19%         3
 Lesser Beckoning         Tloc           10%        N/A       19%         3
 Summon Guardian Golem    Hex/Summ       10%        N/A       19%         3
 Olgreb's Toxic Radiance  Pois           10%        N/A       52%         4
 Agony                    Necr           10%        N/A       86%         5
 Manifold Assault         Tloc           10%        N/A       86%         5
 Silence                  Hex/Air        5%         N/A       86%         5


Dungeon Overview and Level Annotations

Branches:
Dungeon (9/15) Zot: 40206  Temple (1/1) D:5 Zot: 8963     Orc (2/2) D:9 Zot: 17610
    Elf (0/3) Orc:2
   Lair: D:8-11

Altars:
Ashenzari
Cheibriados
Dithmenos
Fedhas
Gozag
Hepliaklqana
Kikubaaqudgha
Makhleb
Nemelex Xobeh
Okawaru
Qazlal
Ru
Sif Muna
Trog
Uskayaw
Vehumet
Wu Jian
Xom
Yredelemnul
Zin
The Shining One

Shops:
D:6 (   D:9 =


Innate Abilities, Weirdness & Mutations

Your serpentine skin is tough. (AC +3)
You have supernaturally acute eyesight. (SInv)
Armour fits poorly on your strangely shaped body.
Your system is resistant to poisons. (rPois)
You cover ground very slowly.
You can spit poison.
You have a snake-like lower body.
A frigid envelope surrounds you and freezes all who hurt you.


Message History

The neqoxec is very cold.
The neqoxec is lightly wounded.
The hellwing hits you but does no damage.
The hellwing is very cold.
The hellwing is moderately wounded.
The hellwing closely misses you.
You hit the orc high priest but do no damage.
The orc high priest looks as sick as possible!
The orc high priest is severely wounded.
The orc priest hits you but does no damage.
The orc warrior barely misses you.
The orc high priest calls upon Beogh to heal the orc priest.
The orc priest's wounds heal themselves!
The warg bites you but does no damage.
The warg is very cold.
The warg is lightly wounded.
The hellwing hits you!
* * * LOW HITPOINT WARNING * * *
The hellwing is very cold.
The hellwing is moderately wounded.
The hellwing hits you but does no damage.
The hellwing is very cold.
The hellwing is heavily wounded.
The neqoxec barely misses you.
You closely miss the orc high priest.
The orc high priest is severely wounded.
You are no longer berserk.
You are exhausted.
You feel yourself slow down.
The orc priest hits you but does no damage.
The orc priest is very cold.
The orc priest is severely wounded.
The orc warrior hits you with a +0 long sword.
* * * LOW HITPOINT WARNING * * *
The orc warrior is very cold.
The orc warrior is lightly wounded.
The orc high priest hits you but does no damage.
The orc high priest is very cold.
The orc high priest is almost dead.
The warg bites you!
You die...

...$......####........####
.....$...#.#............#
............$............
#............. #.......
#.........# ##......
##.o.......# ##.<....
##..........#####.......
##....ooo3.....#.##......
......ooo@4.......)))..##.
.......oh##.........)..#..
...<......#.............#.
.$.....#>#...#........##..
#.......###.#........####.
#.#....# #####.......# ##
#.###.# #......## ##
##....## ###.##


You could see an orc high priest (extremely poisoned), a hellwing (summoned), a
neqoxec (summoned), a warg, 3 orc warriors, an orc priest, an orc wizard
(invisible) and 2 orcs.

Vanquished Creatures
  Pikel (D:5)
  Psyche (D:8)
  Maggie (D:7)
  A troll (D:8)
  A slime creature (D:8)
  A warg (Orc:2)
  A water moccasin (D:7)
  Duvessa (D:6)
  4 orc warriors
  An ice beast (D:6)
  3 black bears
  An ogre (Orc:1)
  2 centaurs
  A lemure (D:5)
  2 kobold brigands
  2 scorpions
  A necrophage (D:5)
  Dowan (D:6)
  3 killer bees (D:8)
  2 howler monkeys (D:8)
  4 jellies
  3 orc priests
  4 hounds
  A gnoll bouda (D:4)
  3 iguanas
  12 orc wizards
  3 gnolls (D:4)
  8 adders
  4 shadow imps
  3 white imps
  2 ufetubi
  3 worms
  2 dart slugs
  40 orcs
  10 ball pythons
  3 bats
  7 endoplasms
  2 giant cockroaches (D:1)
  13 goblins
  6 hobgoblins
  6 jackals (D:3)
  20 kobolds
  5 quokkas
  3 training dummies (D:6)
  4 frilled lizards
  A goblin zombie (D:5)
  3 hobgoblin zombies (D:5)
  2 kobold skeletons (D:5)
  A kobold zombie (D:5)
  An orc skeleton (D:5)
  7 rats
217 creatures vanquished.

Notes
Turn   | Place    | Note
-------+----------+-------------------------------------------
     0 | D:1      | Arcadio the Naga Ice Elementalist began the quest for the
                  | Orb.
     0 | D:1      | Reached XP level 1. HP: 15/15 MP: 3/3
   457 | D:1      | Reached XP level 2. HP: 22/22 MP: 5/5
  1127 | D:1      | Reached XP level 3. HP: 28/28 MP: 6/6
  1154 | D:1      | Reached skill level 4 in Stealth
  1225 | D:2      | Found a faded altar of an unknown god.
  1643 | D:2      | Reached XP level 4. HP: 36/36 MP: 8/8
  1917 | D:3      | Identified 2 scrolls of acquirement
  1917 | D:3      | Acquired the +4 barding of Werphec {Str+2 Int+5}
  1927 | D:3      | Acquired the ring "Uttar" {*Slow rF+ rN+ Int+3 Stlth+}
  1967 | D:3      | Found a glowing silver altar of Zin.
  2023 | D:3      | Learned a level 3 spell: Frozen Ramparts
  2027 | D:3      | Learned a level 3 spell: Ozocubu's Armour
  2632 | D:3      | Reached skill level 5 in Stealth
  2965 | D:3      | Found a blossoming altar of Fedhas.
  3254 | D:4      | Reached XP level 5. HP: 42/42 MP: 3/9
  3544 | D:4      | Reached skill level 5 in Ice Magic
  3545 | D:4      | Reached skill level 6 in Stealth
  3545 | D:4      | Reached XP level 6. HP: 32/49 MP: 6/11
  3973 | D:4      | Noticed a black bear
  3983 | D:4      | Killed a black bear
  4125 | D:4      | Found a shimmering altar of Xom.
  4172 | D:4      | Found an iron altar of Okawaru.
  4172 | D:4      | Found a bloodstained altar of Trog.
  4221 | D:4      | Found a stormy altar of Qazlal.
  4264 | D:4      | Noticed a black bear
  4274 | D:4      | Killed a black bear
  4275 | D:4      | Reached skill level 7 in Stealth
  4275 | D:4      | Reached XP level 7. HP: 51/55 MP: 6/13
  4491 | D:5      | Entered Level 5 of the Dungeon
  4505 | D:5      | Found a glowing golden altar of the Shining One.
  4662 | D:5      | Found a staircase to the Ecumenical Temple.
  4678 | Temple   | Entered the Ecumenical Temple
  4712 | D:5      | Reached skill level 8 in Stealth
  5111 | D:5      | Reached XP level 8. HP: 59/62 MP: 11/15
  5135 | D:5      | Reached skill level 5 in Spellcasting
  5473 | D:5      | Noticed Pikel
  5485 | D:5      | Killed Pikel
  5486 | D:5      | Reached skill level 9 in Stealth
  5531 | D:5      | Learned a level 4 spell: Hailstorm
  5630 | D:6      | Found a shimmering blue altar of Sif Muna.
  5642 | D:6      | Noticed Dowan
  5646 | D:6      | Noticed Duvessa
  5655 | D:6      | Killed Dowan
  5662 | D:6      | Reached skill level 10 in Stealth
  5669 | D:6      | Killed Duvessa
  6008 | D:6      | Found a hazy altar of Hepliaklqana.
  6080 | D:6      | Reached XP level 9. HP: 68/68 MP: 11/18
  6272 | D:6      | Learned a level 2 spell: Blink
  6377 | D:6      | Reached skill level 11 in Stealth
  6622 | D:6      | Found Bicisex's Firing Range.
  6770 | D:6      | Found an opulent altar of Gozag.
  7433 | D:7      | Noticed Maggie
  7446 | D:7      | Killed Maggie
  7447 | D:7      | Reached skill level 1 in Conjurations
  7866 | D:7      | Found a sparkling altar of Nemelex Xobeh.
  8173 | D:7      | Found a hide-covered altar of Uskayaw.
  8493 | D:8      | Noticed a troll
  8508 | D:8      | Killed a troll
  8515 | D:8      | Reached skill level 12 in Stealth
  8515 | D:8      | Reached XP level 10. HP: 29/75 MP: 11/20
  8970 | D:8      | Found a snail-covered altar of Cheibriados.
  8980 | D:8      | Became a worshipper of Cheibriados the Contemplative
  9122 | D:8      | Found a broken altar of Ashenzari.
  9122 | D:8      | Noticed Psyche
  9128 | D:8      | Killed Psyche
  9363 | D:8      | Found a basalt altar of Yredelemnul.
  9819 | D:9      | Found Zevunn's Jewellery Shop.
  9829 | D:9      | Bought a ring of ice for 375 gold pieces
  9877 | D:9      | Found a staircase to the Orcish Mines.
  9890 | D:9      | Reached * piety under Cheibriados
 10028 | Orc:1    | Entered Level 1 of the Orcish Mines
 10164 | Orc:2    | Entered Level 2 of the Orcish Mines
 10245 | Orc:2    | Found a staircase to the Elven Halls.
 10260 | Orc:2    | Noticed an orc high priest
 10275 | Orc:2    | Gained mutation: A frigid envelope surrounds you and
                  | freezes all who hurt you. [a neqoxec]
 10278 | Orc:2    | Slain by a warg

Illustrated notes

Levels and vault maps discovered:
D:1:      minmay_arrival_pointy, layout_rooms, roderic_filled_cross
D:2:      layout_basic, ebering_ecumenical_altar_sacrificial,
          grunt_ministairs_6, chequers_serial_rivers_small_3,
          minmay_misc_feat_room, minmay_tromino_i4
D:3:      layout_loops_cross, mainiacjoe_overflow_paths,
          mainiacjoe_overflow_brackets, chequers_serial_rivers_large_a,
          kennysheep_flooded_box, minmay_mini_jars
D:4:      layout_cave_pools, grunt_qazlal_sundering,
          grunt_temple_overflow_bloody_war, old_standard_altar
D:5:      layout_basic, nicolae_tso_besieged_by_evil, temple_statues, uniq_pikel
D:6:      layout_gridville, led_sif_pool, lemuel_tele_altar, lemuel_round_altar,
          nicolae_shop_firing_range, uniq_duvessa
D:7:      layout_basic, nicolae_uskayaw_dance_studio, marbit_many_paths,
          uniq_maggie
D:8:      kennysheep_big_flooded_room, layout_basic,
          cheibrodos_ashenzari_chains, mainiacjoe_overflow_surrounded_room,
          mainiacjoe_overflow_cross_hatched, minivault_5, uniq_psyche
D:9:      layout_stronghold, mainiacjoe_overflow_alcove_4, david_orc_2,
          serial_shops, shop, minmay_misc_feat_pillars
Temple:   hellmonk_temple_two_chambers
Orc:1:    layout_diamond_mine, uniq_maurice
Orc:2:    st_orc_elflike, layout_diamond_mine, elf_legates

Skill      XL: |  1  2  3  4  5  6  7  8  9 10 |
---------------+-------------------------------+-----
Stealth        | 4 5 6 7 8 10 12 | 12.6
Spellcasting   | 3 4 6 7 |  7.5
Ice Magic      | 5 6 7 8 |  8.9
Dodging        | 2 3 |  3.4
Conjurations   | 2 3 |  3.4

Action                   |  1- 3 |  4- 6 |  7- 9 | 10-12 || total
-------------------------+-------+-------+-------+-------++-------
Melee: Club              |     4 |       |       |       ||     4
       Dagger            |    54 |   170 |   208 |    71 ||   503
       Punch             |     1 |     2 |     4 |     1 ||     8
 Cast: Freeze            |    28 |     9 |    33 |     8 ||    78
       Frozen Ramparts   |       |    11 |    14 |     8 ||    33
       Ozocubu's Armour  |       |     1 |     7 |     6 ||    14
       Hailstorm         |       |       |       |     1 ||     1
Invok: Bend Time         |       |       |       |     1 ||     1
 Abil: Spit Poison       |     4 |     5 |     4 |     2 ||    15
Evoke: Wand              |       |       |     2 |       ||     2
  Use: Scroll            |       |     2 |       |    11 ||    13
       Potion            |       |       |       |     1 ||     1
 Stab: Sleeping          |     5 |    16 |    17 |     5 ||    43
       Distracted        |     1 |     1 |       |       ||     2
Armor: Leather armour    |    22 |    60 |   103 |   105 ||   290
Dodge: Dodged            |    37 |    70 |    94 |    64 ||   265
